Map: 环轨星港

Players

shengy

  • Race: Zerg Zerg
  • League: Platinum

manbearpig - Winner!

  • Race: Zerg Zerg
  • League: Diamond

VOD

Have the link to the VOD?

Description

Time

  • Played on: Jan. 1, 2016, 8:16 p.m.
  • Length: 20:02
Show
View Real Time Build Order
Export as new Build Order

shengy Zerg 

Build Orders: Pool First, Lurkers 

Get SALT Encoding   

  12  0:01  Drone  
  13  0:13  Drone  
  14  0:17  Overlord  
  14  0:35  Drone  
  14  0:36  Drone x2  
  17  0:48  Spawning Pool  
  16  0:50  Drone  
  16  0:51  Extractor  
  16  0:57  Drone  
  17  1:08  Drone  
  18  1:21  Hatchery  
  17  1:25  Drone  
  17  1:31  Drone  
  19  1:40  Queen  
  19  1:43  Zergling x2  
  22  1:53  Overlord  
  22  1:57  Metabolic Boost  
  22  2:20  Queen  
  24  2:31  Drone x3  
  27  2:45  Drone  
  28  2:57  Drone  
  28  2:58  Drone x5  
  33  3:03  Drone  
  34  3:11  Drone  
  34  3:12  Overlord  
  35  3:25  Roach Warren  
  35  3:26  Drone, Extractor  
  34  3:29  Drone x2  
  34  3:32  Drone x2  
  38  3:42  Drone  
  38  3:44  Drone  
  38  3:45  Lair  
  40  3:49  Drone  
  41  3:58  Extractor, Overlord x2  
  41  4:01  Extractor  
  40  4:02  Drone  
  40  4:03  Drone  
  40  4:07  Zergling x2  
  40  4:09  Drone  
  43  4:10  Drone  
  44  4:20  Overlord  
  44  4:27  Drone x3, Evolution Chamber x2  
  45  4:35  Overlord  
  45  4:41  Zergling x4  
  45  4:42  Zergling x8  
  51  4:47  Glial Reconstitution  
  51  4:55  Zerg Missile Weapons Level 1, Zerg Ground Armor Level 1  
  51  4:57  Drone x3  
  54  5:01  Extractor  
  54  5:02  Hatchery  
  54  5:04  Drone x2  
  54  5:05  Drone x4  
  54  5:06  Extractor  
  56  5:21  Drone x3  
  56  5:22  Drone  
  58  5:38  Roach x2  
  61  5:43  Overlord  
  61  5:50  Overlord  
  61  6:00  Overlord  
  61  6:01  Roach  
  61  6:04  Overseer  
  63  6:07  Burrow  
  63  6:14  Roach x2  
  63  6:15  Roach x6  
  79  6:26  Hydralisk Den, Drone  
  79  6:27  Roach  
  79  6:28  Roach x2  
  79  6:32  Queen  
  87  6:33  Hatchery  
  87  6:36  Drone  
  87  6:38  Drone x2  
  89  6:44  Ravager  
  89  6:45  Ravager x4  
  94  7:03  Lurker Den  
  94  7:11  Drone  
  94  7:12  Drone x3  
  94  7:15  Overlord x2  
  98  7:32  Overlord x2  
  98  7:33  Overlord x3  
  98  7:35  Drone x4  
  98  7:36  Drone x5  
  107  7:44  Tunneling Claws  
  107  7:45  Infestation Pit  
  107  7:48  Pneumatized Carapace  
  107  7:50  Zerg Ground Armor Level 2, Zerg Missile Weapons Level 2  
  106  7:57  Overseer  
  106  8:03  Roach x10  
  106  8:04  Baneling Nest  
  125  8:15  Hydralisk, Overlord  
  125  8:16  Hydralisk  
  129  8:29  Hydralisk x3  
  129  8:30  Hydralisk x3  
  140  8:37  Hatchery  
  139  8:42  Overlord x2  
  139  8:48  Hive, Centrifical Hooks  
  121  9:05  Lurker x5  
  125  9:13  Zergling x26  
  125  9:14  Zergling x2  
  125  9:15  Overlord  
  139  9:26  Zergling x4  
  139  9:27  Zergling x10  
  137  9:58  Baneling x8  
  137  9:59  Baneling x11  
  137  10:04  Baneling  
  137  10:05  Baneling x5  
  137  10:07  Queen  
  139  10:14  Zerg Ground Armor Level 3  
  139  10:17  Ultralisk Cavern  
  135  10:28  Hydralisk x5  
  134  10:30  Zergling x2  
  134  10:31  Zergling x32  
  160  10:39  Hydralisk  
  160  10:59  Overlord  
  160  11:01  Hydralisk x5  
  160  11:02  Hydralisk x4  
  178  11:07  Extractor  
  178  11:10  Extractor  
  175  11:23  Muscular Augments  
  175  11:25  Chitinous Plating  
  158  11:49  Ultralisk x2  
  170  12:02  Zergling x32  
  170  12:03  Zergling x10  
  191  12:17  Drone  
  191  12:18  Drone x4  
  196  12:28  Zerg Missile Weapons Level 3  
  196  12:29  Overlord x2  
  180  12:44  Hydralisk x3  
  180  12:45  Hydralisk x5  
  196  12:53  Extractor  
  196  12:56  Hatchery  
  194  13:01  Extractor  
  175  13:32  Zergling x6  
  175  13:33  Zergling x40  
  193  13:49  Pathogen Glands  
  189  14:00  Baneling  
  189  14:01  Baneling x7  
  183  14:06  Zergling x2  
  172  14:12  Infestor x2  
  172  14:13  Infestor x3  
  172  14:16  Ultralisk x3  
  192  14:44  Zergling x4  
  192  14:45  Zergling x14  
  200  15:05  Roach x6  
  200  15:06  Roach  
  197  15:09  Ultralisk x2  
  134  15:21  Infestor x5  
  124  15:32  Ultralisk x3  
  124  15:33  Ultralisk  
  119  16:30  Hydralisk x4  
  119  16:31  Hydralisk x14  
  137  16:55  Hydralisk x3  
  137  16:56  Hydralisk x6  
  153  17:11  Zergling x2  
  153  17:12  Zergling x18  
  119  17:33  Ultralisk  
  109  17:49  Zergling x2  
  109  17:50  Zergling x28  
  80  18:15  Roach x13  
  80  18:16  Roach  
  94  18:30  Roach x5  
  94  18:34  Roach x6  
  90  18:36  Roach x7  
  90  18:43  Roach x11  
  86  18:52  Roach x8  
  84  18:57  Roach x9  
  100  19:07  Roach x4  
  100  19:18  Roach x14  
  98  19:28  Roach x8  
  108  19:38  Roach x17  
Show
View Real Time Build Order
Export as new Build Order

manbearpig Zerg - Winner!

Build Orders: Hatch First 

Get SALT Encoding   

  12  0:01  Drone  
  13  0:08  Drone  
  14  0:17  Overlord  
  14  0:26  Extractor  
  14  0:27  Extractor, Drone  
  15  0:36  Drone x2  
  17  0:56  Hatchery  
  16  1:10  Spawning Pool  
  15  1:14  Drone  
  15  1:17  Drone  
  17  1:23  Drone  
  18  1:28  Drone  
  19  1:36  Overlord  
  19  1:48  Drone  
  20  1:56  Queen  
  22  2:02  Drone  
  22  2:07  Queen  
  25  2:09  Drone x2  
  26  2:18  Drone  
  26  2:20  Drone  
  28  2:29  Overlord  
  28  2:32  Queen  
  28  2:35  Drone  
  31  2:40  Drone  
  31  2:41  Drone  
  31  2:43  Queen  
  35  2:51  Drone  
  36  2:55  Drone  
  37  3:03  Drone x2  
  39  3:07  Drone x3  
  39  3:10  Queen  
  44  3:14  Spore Crawler  
  43  3:30  Drone  
  43  3:32  Overlord x2  
  44  3:36  Overlord  
  44  3:38  Extractor  
  44  3:40  Extractor, Drone x2  
  44  3:41  Extractor, Overlord  
  44  3:42  Drone, Overlord  
  44  3:49  Queen  
  44  3:52  Drone  
  44  3:53  Drone x4  
  51  4:05  Drone  
  52  4:12  Drone x2  
  52  4:14  Drone x2  
  56  4:20  Drone  
  56  4:23  Roach Warren  
  56  4:24  Drone x2  
  58  4:26  Drone x2  
  58  4:27  Extractor  
  59  4:40  Hatchery  
  59  4:44  Overlord  
  58  4:45  Lair  
  58  4:55  Overlord x2  
  58  4:57  Evolution Chamber  
  58  4:59  Drone, Evolution Chamber  
  57  5:03  Roach x5  
  57  5:04  Roach  
  69  5:07  Overlord  
  69  5:12  Roach x2  
  75  5:21  Roach  
  75  5:25  Roach  
  75  5:26  Zerg Missile Weapons Level 1, Zerg Ground Armor Level 1  
  75  5:29  Roach  
  75  5:31  Roach  
  75  5:34  Roach  
  77  5:39  Roach x2  
  77  5:40  Roach  
  83  5:43  Roach  
  85  5:51  Glial Reconstitution  
  85  5:54  Drone x4  
  89  6:04  Drone x2  
  89  6:05  Drone  
  92  6:12  Drone x4  
  92  6:13  Drone x2  
  92  6:16  Drone x3  
  101  6:19  Extractor  
  101  6:20  Extractor  
  101  6:22  Hydralisk Den, Overseer  
  101  6:25  Drone x3  
  101  6:39  Roach  
  107  6:40  Roach x3  
  107  6:44  Drone x5  
  114  6:51  Roach x3  
  120  6:57  Muscular Augments  
  120  7:04  Hydralisk  
  120  7:06  Overlord x4  
  120  7:08  Overlord  
  122  7:26  Hydralisk  
  122  7:27  Hydralisk x6  
  122  7:29  Hydralisk  
  136  7:31  Hydralisk x2  
  136  7:34  Overlord x2  
  142  7:40  Hydralisk x2  
  146  7:51  Hydralisk  
  146  7:52  Hydralisk x5  
  146  7:53  Hydralisk  
  160  7:59  Overlord x2  
  160  8:06  Infestation Pit  
  160  8:12  Hydralisk  
  159  8:15  Hatchery, Overlord  
  159  8:17  Zerg Missile Weapons Level 2  
  160  8:27  Overlord  
  160  8:29  Extractor, Overlord  
  160  8:33  Hydralisk x4  
  160  8:34  Hydralisk  
  164  8:56  Hive  
  164  8:57  Spire  
  164  9:00  Extractor  
  162  9:13  Pathogen Glands  
  162  9:16  Drone x7  
  162  9:17  Drone x2  
  169  9:45  Overseer  
  169  9:46  Overseer x3  
  169  9:47  Overseer x2  
  169  9:48  Pneumatized Carapace  
  165  9:54  Overlord  
  165  9:59  Hydralisk x4  
  165  10:05  Hatchery  
  155  10:16  Greater Spire  
  155  10:19  Infestor  
  155  10:20  Infestor x2  
  155  10:29  Drone x7  
  155  10:31  Corruptor x3  
  155  10:34  Overlord x2  
  166  10:54  Drone x2  
  166  10:55  Drone x3  
  171  11:10  Extractor  
  170  11:11  Extractor  
  161  11:28  Brood Lord x3  
  167  11:38  Drone  
  167  11:39  Drone x7  
  176  11:40  Drone x4  
  176  11:43  Corruptor  
  175  11:56  Overlord  
  175  11:57  Corruptor x2  
  177  12:06  Drone x3  
  180  12:10  Spine Crawler  
  180  12:11  Spine Crawler  
  180  12:13  Drone x5, Spine Crawler  
  180  12:14  Drone  
  183  12:39  Hatchery  
  183  12:44  Hatchery  
  160  12:59  Roach x3  
  160  13:01  Roach  
  160  13:02  Roach x2  
  110  13:31  Roach x4  
  110  13:32  Roach  
  120  13:36  Queen  
  122  13:50  Corruptor x3  
  122  13:54  Zerg Missile Weapons Level 3, Zerg Melee Weapons Level 1  
  116  14:18  Drone x6  
  116  14:19  Drone  
  116  14:22  Roach x5  
  132  14:26  Brood Lord  
  134  14:42  Brood Lord x2  
  96  15:22  Roach x8  
  96  15:23  Roach x4  
  119  15:33  Roach x2  
  116  15:38  Roach x2  
  120  15:45  Drone x4  
  124  16:04  Roach x2  
  124  16:05  Drone, Roach x2  
  124  16:06  Drone x4  
  125  16:18  Extractor  
  125  16:22  Extractor  
  117  16:28  Roach x4  
  119  16:33  Roach  
  119  16:45  Roach x4  
  123  17:03  Roach x2  
  123  17:04  Roach x3  
  119  17:22  Roach x4  
  117  17:23  Roach x3  
  111  17:33  Roach x4  
  113  17:51  Roach x3  
  100  18:09  Roach x2  
  104  18:18  Roach x5  
  104  18:19  Roach x3  
  112  18:29  Roach x3  
  118  18:36  Roach x2  
  118  18:37  Roach  
  118  18:39  Roach  
  106  19:04  Roach x4  
  106  19:06  Roach x3  
  116  19:16  Overseer  
  114  19:25  Roach x3  
  114  19:27  Roach x2  
  124  19:41  Roach x3  
Tags
 
Add a new tag
Caveats
  • Supply blocks, unpowered buildings, or Contaminate may cause inaccurate times.
  • Supply counts are checked every 10 seconds.